Map: Blueshift LE

Players

Clutterfunk - Winner!

  • Race: Terran Terran
  • League: Master
  • Spawn Location: 1:00

demuLarva

  • Race: Terran Terran
  • League: Master
  • Spawn Location: 7:00

VOD

Have the link to the VOD?

Description

Time

  • Played on: Aug. 16, 2018, 4:47 a.m.
  • Length: 9:05
Show
View Real Time Build Order
Export as new Build Order

Clutterfunk Terran - Winner!

Build Orders: Mech 

Get SALT Encoding   

  12  0:02  SCV  
  14  0:14  SCV  
  14  0:18  Supply Depot  
  14  0:26  SCV  
  15  0:40  Barracks, SCV  
  16  0:52  SCV  
  18  1:04  SCV  
  18  1:14  Command Center  
  18  1:17  SCV  
  19  1:27  Marine  
  19  1:31  Orbital Command  
  20  1:37  Refinery  
  20  1:41  Refinery  
  20  1:45  Marine  
  21  1:52  Supply Depot  
  21  1:57  SCV  
  22  2:03  Marine  
  23  2:11  SCV  
  23  2:20  Bunker  
  23  2:21  Marine  
  24  2:23  SCV  
  24  2:26  Factory  
  25  2:36  Orbital Command  
  25  2:40  SCV  
  25  2:42  Barracks Reactor  
  26  2:52  SCV  
  27  3:03  SCV  
  27  3:04  SCV  
  27  3:15  SCV  
  27  3:16  SCV  
  29  3:21  Cyclone x2  
  35  3:27  SCV  
  35  3:28  SCV  
  37  3:34  Command Center  
  37  3:39  SCV  
  37  3:40  SCV  
  39  3:47  Refinery  
  39  3:48  Refinery  
  39  3:50  Supply Depot  
  39  3:51  SCV  
  39  3:52  SCV  
  41  3:58  Cyclone  
  44  4:03  SCV  
  44  4:06  SCV  
  46  4:12  Cyclone  
  46  4:13  Barracks Tech Lab  
  46  4:15  SCV  
  50  4:18  SCV, Supply Depot  
  50  4:22  Starport  
  51  4:27  SCV  
  51  4:30  SCV  
  53  4:37  Barracks Reactor, Factory  
  53  4:40  SCV  
  53  4:42  SCV  
  55  4:46  Orbital Command  
  55  4:51  Siege Tank  
  55  4:52  SCV  
  59  4:54  SCV  
  60  5:04  SCV, Medivac x2  
  60  5:06  SCV  
  66  5:07  Orbital Command  
  66  5:08  Supply Depot  
  67  5:16  SCV  
  67  5:20  Factory, Supply Depot  
  67  5:24  SCV, Barracks Tech Lab, Siege Tank  
  67  5:28  SCV  
  72  5:32  Hellion x2  
  72  5:34  SCV  
  72  5:35  Supply Depot  
  77  5:38  Viking  
  77  5:40  Viking  
  81  5:46  SCV x2  
  81  5:49  SCV  
  82  5:58  Siege Tank  
  82  5:59  Refinery, SCV, Hellion x2  
  90  6:08  SCV  
  91  6:16  Armory  
  91  6:18  SCV  
  92  6:19  Armory, Supply Depot  
  92  6:23  SCV, Hellion x2, Siege Tank  
  100  6:26  SCV  
  100  6:27  Refinery  
  101  6:37  SCV, Hellion  
  101  6:40  SCV  
  101  6:45  Engineering Bay, SCV  
  103  6:47  Viking  
  103  6:49  SCV, Hellion  
  103  6:53  SCV  
  109  7:03  Supply Depot  
  109  7:05  SCV x2, Viking  
  109  7:06  Supply Depot  
  109  7:07  Terran Vehicle And Ship Armor Level 1, Terran Vehicle Weapons Level 1  
  113  7:15  Siege Tank  
  116  7:17  Missile Turret  
  116  7:20  Liberator  
  116  7:21  Missile Turret  
  116  7:23  SCV  
  116  7:24  Liberator  
  116  7:25  Hellion  
  116  7:28  Siege Tank  
  122  7:31  Hellion  
  122  7:33  Supply Depot  
  130  7:50  Hellion, Siege Tank  
  127  7:53  Hellion  
  118  8:00  Siege Tank  
  118  8:03  SCV x2  
  118  8:04  SCV, Factory  
  124  8:05  Factory  
  124  8:12  Hellion  
  126  8:14  Sensor Tower  
  126  8:18  Hellion, Supply Depot x2  
  128  8:25  Viking x2  
  132  8:28  Hellion  
  134  8:43  Hellion  
  138  8:57  Factory Tech Lab, Factory Reactor  
Show
View Real Time Build Order
Export as new Build Order

demuLarva Terran 

Build Orders: Cyclone Opening, Reaper Expand, MMM Bio 

Get SALT Encoding   

  12  0:00  SCV  
  13  0:12  SCV  
  14  0:17  Supply Depot  
  14  0:24  SCV  
  15  0:29  Refinery  
  15  0:38  SCV  
  16  0:45  Barracks  
  16  0:51  SCV  
  17  1:03  SCV  
  18  1:21  SCV  
  19  1:32  Reaper  
  20  1:33  Orbital Command  
  20  1:45  Command Center  
  20  1:58  Factory  
  20  2:04  Refinery  
  20  2:08  Barracks Reactor  
  20  2:14  SCV  
  21  2:16  Supply Depot  
  21  2:26  SCV  
  22  2:38  SCV  
  22  2:41  Cyclone  
  26  2:50  SCV  
  26  2:54  Marine x2  
  28  3:02  SCV  
  29  3:09  Starport  
  29  3:15  SCV  
  29  3:16  Factory Tech Lab  
  29  3:18  Orbital Command  
  30  3:23  Marine x2  
  33  3:27  SCV  
  33  3:39  SCV  
  34  3:48  SCV  
  35  3:51  SCV, Cyclone  
  35  3:52  Marine x2  
  41  4:00  SCV  
  42  4:03  SCV  
  42  4:04  Raven  
  42  4:08  Bunker  
  44  4:11  Refinery  
  44  4:15  Supply Depot  
  46  4:21  SCV  
  46  4:22  SCV  
  46  4:27  Barracks, Barracks Tech Lab, Factory Reactor  
  46  4:32  Barracks  
  46  4:37  SCV x2  
  48  4:46  Engineering Bay, Marine  
  48  4:47  Stimpack  
  48  4:49  SCV x2  
  51  4:53  Starport Reactor  
  51  5:01  SCV x2  
  53  5:09  Supply Depot  
  53  5:10  Supply Depot  
  53  5:11  Marine  
  54  5:23  Terran Infantry Weapons Level 1  
  54  5:28  Supply Depot  
  54  5:30  Marine x4  
  54  5:31  SCV x2, Siege Tank  
  54  5:32  Marine  
  54  5:33  Medivac x2  
  68  5:39  Supply Depot  
  68  5:43  SCV x2  
  68  5:48  Marine x3  
  68  5:49  Marine x2  
  71  5:55  SCV x2  
  74  6:03  Siege Tank  
  77  6:06  Marine x3  
  77  6:07  SCV, Marine x2  
  80  6:16  Viking x2  
  84  6:24  Marine x3  
  84  6:25  Marine x2  
  84  6:31  SCV x2  
  77  6:42  Marine x3, Siege Tank  
  77  6:43  Marine x2  
  77  6:46  Supply Depot  
  85  6:47  Supply Depot  
  85  6:48  Combat Shields  
  85  6:50  Liberator  
  85  6:59  Marine x3, Viking  
  85  7:00  Marine  
  85  7:01  Marine  
  94  7:08  Refinery  
  95  7:16  Siege Tank  
  95  7:17  Marine x3  
  95  7:18  Marine  
  102  7:29  Marauder  
  104  7:35  Marine x3  
  107  7:39  Viking  
  81  7:58  Marine  
  81  7:59  Marauder, Marine x2  
  81  8:00  Marine  
  81  8:03  Barracks  
  81  8:04  Command Center  
  81  8:05  Barracks  
  86  8:09  Concussive Shells  
  86  8:10  Siege Tank  
  89  8:18  Viking x2  
  93  8:22  Marauder, Marine x2  
Tags
 
Add a new tag
Caveats
  • Supply blocks, unpowered buildings, or Contaminate may cause inaccurate times.
  • Supply counts are checked every 10 seconds.